 Dungeon Crawl Stone Soup version 0.27.1-2-g3b301248ec (webtiles) character file.

Game seed: 860927723490752429

42 TheGamechu the Ducker (level 3, -1/27 HPs)
             Began as a Djinni Fire Elementalist on Sept 30, 2021.
             Slain by a hound (4 damage)
             ... on level 2 of the Dungeon.
             The game lasted 00:06:32 (1637 turns).

TheGamechu the Ducker (Djinni Fire Elementalist)    Turns: 1637, Time: 00:06:33

Health: -1/27      AC:  3    Str:  7    XL:     3   Next: 80%
Gold:   44         EV: 12    Int: 17    God:
                   SH:  0    Dex: 13

rFire    + + .     SeeInvis .   b - +0 dagger
rCold    x . .     Faith    .   (no shield)
rNeg     . . .     Spirit   .   a - +0 robe
rPois    ∞         Reflect  .   (no helmet)
rElec    .         Harm     .   e - +0 cloak
rCorr    .         Rampage  .   (no gloves)
Will     .....                  (boots unavailable)
Stlth    ++........             (no amulet)
HPRegen  0.09/turn              (no ring)
MPRegen  0.00/turn              (no ring)

@: flying, very slightly contaminated, invisible
A: sickness immunity, fire resistance 2, cold vulnerability 1, float, innate
caster, hp casting, extra vitality 1
a: no special abilities


You were on level 2 of the Dungeon.
You visited 1 branch of the dungeon, and saw 2 of its levels.

You collected 44 gold pieces.

Inventory:

Hand Weapons
 b - a +0 dagger (weapon)
Armour
 a - a +0 robe (worn)
 e - a +0 cloak (worn)
Scrolls
 d - 2 scrolls of enchant weapon {unknown}
Potions
 f - a potion of attraction {unknown}


   Skills:
 + Level 1.2 Fighting
 + Level 2.8 Dodging
 + Level 2.1 Stealth
 + Level 2.7 Spellcasting


You couldn't memorise any spells.
You knew the following spells:

 Your Spells              Type           Power      Damage    Failure   Level
a - Foxfire               Conj/Fire      44%        2x1d6     6%          1
b - Conjure Flame         Conj/Fire      11%        6-21      17%         3
c - Inner Flame           Hex/Fire       11%        N/A       17%         3
d - Sticky Flame          Conj/Fire      11%        2d3       50%         4
e - Fireball              Conj/Fire      5%         3d5       85%         5
f - Animate Skeleton      Necr           22%        N/A       6%          1
Your spell library was empty.

Dungeon Overview and Level Annotations

Branches:
Dungeon (2/15)

Altars:

Shops:
D:1 :


Innate Abilities, Weirdness & Mutations

You are immune to sickness and miasma.
You are immune to poison.
Your flesh is very heat resistant. (rF++)
You are vulnerable to cold. (rC-)
You float through the air rather than walking.
You learn spells naturally, not from books.
Your magical power is your life essence.
You have superior vitality. (+4 HP)


Message History

The adder hisses angrily.
The hound bites you. x2
Casting: Animate Skeleton (safe; 6% risk of failure)
Confirm with . or Enter, or press ? or * to list all spells.
You conjure some foxfire!
The hound closely misses you.
There are monsters nearby!
The foxfire hits the adder.
The adder is heavily wounded.
The foxfire hits the hound.
The hound is lightly wounded.
The hound bites you.
The adder closely misses your adder skeleton.
Your adder skeleton barely misses the hound.
The hound bites you.
Found 2 gold pieces.
The adder bites your adder skeleton.
Your adder skeleton misses the hound.
An endoplasm and a dart slug come into view.
The adder closely misses your adder skeleton.
The hound barely misses you.
Your adder skeleton bites the hound.
The hound bites you.
* * * LOW HITPOINT WARNING * * *
The adder barely misses you.
Your adder skeleton bites the hound.
The hound barely misses you. The adder bites you.
* * * LOW HITPOINT WARNING * * *
Your adder skeleton bites the hound.
Your adder skeleton closely misses the adder.
The adder bites you.
* * * LOW HITPOINT WARNING * * *
Found 2 curare-tipped darts.
Your adder skeleton barely misses the adder.
The hound completely misses you. The hound bites you but does no damage.
Your adder skeleton bites the adder.
It was a potion of invisibility.
You fade into invisibility!
The hound closely misses you.
Your adder skeleton misses the adder.
You are very lightly contaminated with residual magic.
The hound bites you but does no damage.
Found a murky emerald potion.
The hound bites you.
You die...

#.!.........#
##.........#.
............
#..........#
#..........#
##..(......####
................
.......@####.... #
..###..hS....... .
#....$....## . #.
#..Z......#
..#.#####.##.#.....
.......?.....###.##
#.............## #
...............#
.........<.....#


You could see a hound (ally target), an adder and a friendly adder skeleton.

Vanquished Creatures
  2 adders
  2 dart slugs (D:1)
  3 endoplasms
  A giant cockroach (D:1)
  A goblin (D:1)
  3 hobgoblins (D:1)
  A kobold (D:1)
  A ball python (D:1)
  2 bats (D:1)
  6 rats (D:1)
22 creatures vanquished.

Vanquished Creatures (others)
  64 foxfires
64 creatures vanquished.

Grand Total: 86 creatures vanquished

Notes
Turn   | Place    | Note
-------+----------+-------------------------------------------
     0 | D:1      | TheGamechu the Djinni Fire Elementalist began the quest for
                  | the Orb.
     0 | D:1      | Reached XP level 1. HP: 15/15 MP: 0/0
    58 | D:1      | Found a faded altar of an unknown god.
   343 | D:1      | Reached XP level 2. HP: 20/22 MP: 0/0
   539 | D:1      | Found Rufexo's Book Boutique.
  1110 | D:1      | Reached skill level 1 in Fighting
  1220 | D:1      | Reached XP level 3. HP: 25/27 MP: 0/0
  1220 | D:1      | Learned a level 1 spell: Animate Skeleton
  1637 | D:2      | Slain by a hound

Illustrated notes

Levels and vault maps discovered:
D:1:      lightli_arrival_quake, layout_loops_ring, serial_shops,
          nicolae_shop_trees, dreamdust_ecumenical_altar_angels_and_demons,
          minmay_tetromino_s2
D:2:      layout_rooms, basic_altar, hangedman_feature_mirror

Skill      XL: |  1  2 |
---------------+-------+-----
Fighting       | 1 |  1.2
Stealth        | 2 |  2.1
Dodging        | |  2.8
Spellcasting   | |  2.7

Action                   || total
-------------------------++-------
Melee: Unarmed           ||     2
       Dagger            ||    12
 Cast: Foxfire           ||    40
       Animate Skeleton  ||     2
  Use: Potion            ||     1
Armor: Robe              ||    17
Dodge: Dodged            ||    36
